Red Wings vs Jets
(R1)
Created - March 13, 2023 at 22:16
Goals
|
Red Wings |
1 |
0 |
3 |
4 |
Jets |
1 |
1 |
0 |
2 |
|
Shots
|
Red Wings |
10 |
8 |
13 |
31 |
Jets |
9 |
12 |
15 |
36 |
|
1st period
1. Red Wings , Nino Niederreiter 25 (Connor Brown 34, Petr Mrazek) at 2:17 (PP)
2. Jets , Ryan Johansen 28 (Ryan Murray 21, Dougie Hamilton 23) at 2:43
Penalties :
Tyler Seguin (Win) for Hooking (Minor) at 2:02, Adam Larsson (Win) for Interference (Minor) at 5:43, Henrik Zetterberg (Det) for Hooking (Minor) at 12:33, Anthony Mantha (Win) for Tripping (Minor) at 15:15, Troy Stetcher (Win) for Diving (Minor) at 17:49
2nd period
3. Jets , Tyler Toffoli 20 (Tyler Seguin 32, Max Domi 22) at 17:51
Penalties :
Nick Bjugstad (Win) for Interference (Minor) at 0:22, Marko Dano (Det) for Holding (Minor) at 5:32, Nino Niederreiter (Det) for Interference (Minor) at 11:42
3rd period
4. Red Wings , Erik Gudbranson 8 (Connor Brown 35, Henrik Zetterberg 31) at 8:45 (PP)
5. Red Wings , Sergei Kostitsyn 3 (Jamie Arniel 21, Carson Mcmillan 12) at 10:09
6. Red Wings , Michael Haley 3 (Philip Samuelsson 13, Beau Bennett 8) at 14:24
Penalties :
Nick Bjugstad (Win) for Tripping (Minor) at 0:34, Dylan Larkin (Det) for High sticking (Minor) at 2:07, Marco Scandella (Win) for Hooking (Minor) at 8:04, Erik Gudbranson (Det) for Tripping (Minor) at 10:22, Ryan Murray (Win) for Interference (Minor) at 14:47, Henrik Zetterberg (Det) for Hooking (Minor) at 17:33
Goalie Stats
Petr Mrazek (Det), 34 saves from 36 shots - (0.944), W, 24-12-2, 60:00 minutes
Jacob Markstrom (Win), 27 saves from 31 shots - (0.871), L, 26-16-3, 60:00 minutes
Players Stats for Red Wings
Player Name G A P +/- PIM S H SB GA TA FO MP PP MP PK MP
------------------------------------------------------------------------------------
Beau Bennett 0 1 1 1 0 2 0 0 2 0 0/0 6:17 0:00 0:00
Carson Mcmillan 0 1 1 1 0 1 1 0 0 0 0/0 13:37 0:04 6:21
Cody Franson 0 0 0 0 0 1 0 0 0 0 0/0 10:22 0:00 1:19
Connor Brown 0 2 2 -2 0 2 1 2 1 0 1/2 18:09 7:08 0:00
David Rundblad 0 0 0 0 0 0 0 1 0 0 0/0 14:49 4:58 0:00
Drew Fata 0 0 0 0 0 2 1 1 0 2 0/0 21:55 0:00 6:58
Dylan Larkin 0 0 0 0 2 2 1 0 0 0 0/0 18:44 5:15 1:36
Erik Gudbranson 1 0 1 0 2 1 4 1 2 1 0/0 28:24 7:26 5:39
Henrik Zetterberg 0 1 1 0 4 2 2 1 0 2 20/32 19:19 7:04 0:32
Jamie Arniel 0 1 1 1 0 3 1 0 1 0 3/7 18:04 7:26 3:16
Marko Dano 0 0 0 0 2 3 1 0 0 0 0/0 18:15 5:16 1:10
Michael Haley 1 0 1 1 0 1 2 0 0 1 0/0 9:24 0:00 3:30
Nino Niederreiter 1 0 1 -2 2 3 0 3 2 0 1/2 18:39 7:04 0:27
Philip Samuelsson 0 1 1 0 0 1 3 1 0 0 0/0 21:40 4:58 4:30
Ryan O'Byrne 0 0 0 0 0 1 2 2 0 0 0/0 15:00 0:00 4:30
Ryan O'Reilly 0 0 0 -2 0 1 0 1 0 0 8/21 15:28 5:16 0:00
Sergei Kostitsyn 1 0 1 1 0 3 0 0 0 0 0/0 7:28 0:04 0:00
T.J. Hensick 0 0 0 1 0 2 1 0 0 0 5/13 12:26 0:00 6:04
Players Stats for Jets
Player Name G A P +/- PIM S H SB GA TA FO MP PP MP PK MP
------------------------------------------------------------------------------------
Adam Larsson 0 0 0 0 2 3 1 2 1 0 0/0 16:33 1:13 4:30
Alex Galchenyuk 0 0 0 1 0 4 1 0 1 0 0/0 19:30 5:03 2:26
Alexander Wennberg 0 0 0 0 0 0 2 0 0 1 1/4 10:11 0:37 1:56
Anthony Mantha 0 0 0 0 2 0 1 0 0 0 0/0 7:57 0:20 0:00
Brent Burns 0 0 0 0 0 2 0 1 0 2 0/0 16:55 2:57 2:24
Dougie Hamilton 0 1 1 0 0 3 1 1 0 1 0/0 27:01 7:18 4:53
Frank Vatrano 0 0 0 -1 0 0 3 0 0 1 0/1 9:48 0:24 4:14
Jussi Jokinen 0 0 0 0 0 1 1 0 0 1 0/1 7:59 0:00 0:21
Marco Scandella 0 0 0 0 2 3 2 1 0 0 0/0 18:28 1:13 6:50
Max Domi 0 1 1 0 0 3 2 0 0 0 1/1 17:14 5:55 0:00
Nick Bjugstad 0 0 0 1 4 3 1 0 0 1 0/0 21:53 5:48 5:23
Noel Acciari 0 0 0 -1 0 0 1 0 0 0 2/4 4:47 0:00 0:00
Ryan Johansen 1 0 1 1 0 3 1 0 0 1 25/45 24:14 5:03 7:10
Ryan Murray 0 1 1 0 2 1 3 2 1 0 0/0 23:12 2:57 6:11
Sam Reinhart 0 0 0 -1 0 0 0 0 1 0 0/0 4:47 0:00 0:00
Troy Stetcher 0 0 0 0 2 0 0 0 0 0 0/0 18:10 7:18 0:00
Tyler Seguin 0 1 1 0 2 4 0 2 1 0 10/21 17:19 6:01 0:00
Tyler Toffoli 1 0 1 0 0 6 2 0 1 0 0/0 21:04 5:13 3:18
3 Stars
1 - Petr Mrazek (Det)
2 - Michael Haley (Det)
3 - Sergei Kostitsyn (Det)
Power Play
Red Wings - 2 on 8 Attempt(s) - 25.00%
Jets - 0 on 6 Attempt(s) - 0.00%
Penalty Kill
Red Wings - 6 on 6 Attempt(s) - 100.00%
- Score 0 goal in Penalty Kill
Jets - 6 on 8 Attempt(s) - 75.00%
- Score 0 goal in Penalty Kill
Team Stat
Red Wings - Hits : 20 - Faceoff Wins : 38 - Blocked Shots : 13 - Penalty Minutes : 12
Jets - Hits : 22 - Faceoff Wins : 39 - Blocked Shots : 9 - Penalty Minutes : 16
Official
Referees : Mitch Dunning and Dan Kelly
Linesman : Tony Sericolo and Ryan Galloway
Game Notes
No Game Note
Finance
Level 1 -- Attendance: 6000 (100.00%) -- Ticket Income $600,000
Level 2 -- Attendance: 5000 (100.00%) -- Ticket Income $300,000
Level 3 -- Attendance: 1952 (97.60%) -- Ticket Income $68,320
Level 4 -- Attendance: 4000 (100.00%) -- Ticket Income $100,000
Luxury Box -- Attendance: 954 (95.40%) -- Ticket Income $190,800
Game was played at the Bell MTS Place.
Total Attendance: 17906 (99.48%)
Total Ticket Income: $1,259,120
Other Income: $188,868
Total Income: $1,447,988
Red Wings
5 vs 5 Forward
Center Left Wing Right Wing Time % Phy DF OF
1 Ryan O'Reilly Nino Niederreiter Connor Brown 35 1 2 2
2 Henrik Zetterberg Marko Dano Dylan Larkin 35 1 2 2
3 Jamie Arniel Sergei Kostitsyn Carson Mcmillan 20 1 2 2
4 T.J. Hensick Michael Haley Beau Bennett 10 1 2 2
5 vs 5 Defense
Defense Defense Time % Phy DF OF
1 Erik Gudbranson Drew Fata 40 0 2 3
2 Philip Samuelsson Ryan O'Byrne 30 1 2 2
3 David Rundblad Cody Franson 20 1 2 2
4 David Rundblad Cody Franson 10 1 2 2
PowerPlay Forward
Center Left Wing Right Wing Time % Phy DF OF
1 Henrik Zetterberg Nino Niederreiter Connor Brown 60 1 0 4
2 Ryan O'Reilly Marko Dano Dylan Larkin 40 1 0 4
PowerPlay Defense
Defense Defense Time % Phy DF OF
1 Jamie Arniel Erik Gudbranson 60 0 1 4
2 Philip Samuelsson David Rundblad 40 0 1 4
Penalty Kill 4 Players Forward
Center Wing Time % Phy DF OF
1 T.J. Hensick Carson Mcmillan 60 1 2 2
2 Jamie Arniel Michael Haley 40 1 2 2
Penalty Kill 4 Players Defense
Defense Defense Time % Phy DF OF
1 Erik Gudbranson Drew Fata 60 1 2 2
2 Ryan O'Byrne Philip Samuelsson 40 1 2 2
Penalty Kill - 3 Players Forward
Forward Time % Phy DF OF
1 Carson Mcmillan 60 1 2 2
2 Michael Haley 40 1 2 2
Penalty Kill - 3 Players Defense
Defense Defense Time % Phy DF OF
1 Drew Fata Erik Gudbranson 60 1 2 2
2 Philip Samuelsson Ryan O'Byrne 40 1 2 2
4 vs 4 Forward
Center Wing Time % Phy DF OF
1 Connor Brown Nino Niederreiter 60 1 2 2
2 Ryan O'Reilly Marko Dano 40 1 2 2
4 vs 4 Defense
Defense Defense Time % Phy DF OF
1 Erik Gudbranson Philip Samuelsson 60 1 2 2
2 Drew Fata Cody Franson 40 1 2 2
Last Minutes Offensive
Center Left Wing Right Wing Defense Defense
Henrik Zetterberg Nino Niederreiter Connor Brown Erik Gudbranson Philip Samuelsson
Last Minutes Defensive
Center Left Wing Right Wing Defense Defense
T.J. Hensick Michael Haley Carson Mcmillan Drew Fata Erik Gudbranson
Goaltenders
Starting : Petr Mrazek
Backup : Mike McKenna
Extra Forwards
Normal : Carson Mcmillan, Dylan Larkin, T.J. Hensick - PP : Carson Mcmillan, Sergei Kostitsyn - PK : T.J. Hensick
Extra Defensemen
Normal : Erik Gudbranson, Cody Franson, Philip Samuelsson - PP : Drew Fata - PK : Cody Franson, Drew Fata
Penalty Shots
Connor Brown, Dylan Larkin, Nino Niederreiter, Marko Dano, Henrik Zetterberg
Scratches
Tomas Kundratek (Healthy)
Jets
5 vs 5 Forward
Center Left Wing Right Wing Time % Phy DF OF
1 Ryan Johansen Alex Galchenyuk Nick Bjugstad 35 1 2 2
2 Tyler Seguin Max Domi Tyler Toffoli 35 1 2 2
3 Alexander Wennberg Jussi Jokinen Anthony Mantha 20 1 2 2
4 Noel Acciari Frank Vatrano Sam Reinhart 10 1 2 2
5 vs 5 Defense
Defense Defense Time % Phy DF OF
1 Ryan Murray Dougie Hamilton 38 1 2 2
2 Adam Larsson Marco Scandella 31 1 2 2
3 Brent Burns Troy Stetcher 31 1 2 2
4 Ryan Murray Adam Larsson 0 1 2 2
PowerPlay Forward
Center Left Wing Right Wing Time % Phy DF OF
1 Ryan Johansen Alex Galchenyuk Tyler Toffoli 55 1 0 4
2 Tyler Seguin Max Domi Nick Bjugstad 45 1 0 4
PowerPlay Defense
Defense Defense Time % Phy DF OF
1 Troy Stetcher Dougie Hamilton 60 0 1 4
2 Brent Burns Ryan Murray 40 0 1 4
Penalty Kill 4 Players Forward
Center Wing Time % Phy DF OF
1 Ryan Johansen Nick Bjugstad 60 1 2 2
2 Tyler Toffoli Frank Vatrano 40 1 2 2
Penalty Kill 4 Players Defense
Defense Defense Time % Phy DF OF
1 Ryan Murray Marco Scandella 60 1 3 1
2 Dougie Hamilton Adam Larsson 40 1 3 1
Penalty Kill - 3 Players Forward
Forward Time % Phy DF OF
1 Ryan Johansen 60 0 4 1
2 Tyler Seguin 40 0 4 1
Penalty Kill - 3 Players Defense
Defense Defense Time % Phy DF OF
1 Ryan Murray Marco Scandella 60 1 4 0
2 Adam Larsson Dougie Hamilton 40 1 4 0
4 vs 4 Forward
Center Wing Time % Phy DF OF
1 Ryan Johansen Alex Galchenyuk 60 1 2 2
2 Tyler Seguin Max Domi 40 1 2 2
4 vs 4 Defense
Defense Defense Time % Phy DF OF
1 Adam Larsson Marco Scandella 60 1 2 2
2 Dougie Hamilton Ryan Murray 40 1 2 2
Last Minutes Offensive
Center Left Wing Right Wing Defense Defense
Ryan Johansen Alex Galchenyuk Tyler Toffoli Dougie Hamilton Marco Scandella
Last Minutes Defensive
Center Left Wing Right Wing Defense Defense
Ryan Johansen Frank Vatrano Tyler Toffoli Ryan Murray Marco Scandella
Goaltenders
Starting : Jacob Markstrom
Backup : Elvis Merzlikins
Extra Forwards
Normal : Nick Bjugstad, Max Domi, Sam Reinhart - PP : Nick Bjugstad, Alexander Wennberg - PK : Nick Bjugstad
Extra Defensemen
Normal : Dougie Hamilton, Adam Larsson, Marco Scandella - PP : Brent Burns - PK : Brent Burns, Marco Scandella
Penalty Shots
Ryan Johansen, Tyler Toffoli, Tyler Seguin, Jussi Jokinen, Nick Bjugstad
Scratches
None
% Time on Ice - Red Wings
Lines # - Real PCT - Wanted PCT - Time Play
Normal Forward
1 - 32% - 35% - 11:30
2 - 31% - 35% - 11:03
3 - 20% - 20% - 7:15
4 - 17% - 10% - 5:54
Normal Defense
1 - 43% - 40% - 15:21
2 - 33% - 30% - 11:46
3 - 17% - 20% - 6:09
4 - 7% - 10% - 2:26
PP Forward
1 - 58% - 60% - 7:08
2 - 42% - 40% - 5:16
PP Defense
1 - 60% - 60% - 7:26
2 - 40% - 40% - 4:58
PK Forward
1 - 72% - 60% - 8:12
2 - 28% - 40% - 3:16
PK Defense
1 - 61% - 60% - 6:58
2 - 39% - 40% - 4:30
PK3 Forward
1 - 0% - 60%
2 - 0% - 40%
PK3 Defense
1 - 0% - 60%
2 - 0% - 40%
44 Forward
1 - 100% - 60% - 0:26
2 - 0% - 40% - 0:00
44 Defense
1 - 100% - 60% - 0:26
2 - 0% - 40% - 0:00
Last Minute Offensive - 0:00
Last Minute Defensive - 0:00
Total
Forward - 60:00
Defense - 60:00
|
% Time on Ice - Jets
Lines # - Real PCT - Wanted PCT - Time Play
Normal Forward
1 - 33% - 35% - 11:38
2 - 33% - 35% - 11:39
3 - 21% - 20% - 7:38
4 - 13% - 10% - 4:47
Normal Defense
1 - 41% - 38% - 14:47
2 - 28% - 31% - 9:52
3 - 28% - 31% - 9:58
4 - 3% - 0% - 1:05
PP Forward
1 - 48% - 55% - 5:27
2 - 52% - 45% - 6:01
PP Defense
1 - 74% - 60% - 8:31
2 - 26% - 40% - 2:57
PK Forward
1 - 73% - 60% - 9:06
2 - 27% - 40% - 3:18
PK Defense
1 - 61% - 60% - 7:34
2 - 39% - 40% - 4:50
PK3 Forward
1 - 0% - 60%
2 - 0% - 40%
PK3 Defense
1 - 0% - 60%
2 - 0% - 40%
44 Forward
1 - 88% - 60% - 0:23
2 - 12% - 40% - 0:03
44 Defense
1 - 100% - 60% - 0:26
2 - 0% - 40% - 0:00
Last Minute Offensive - 0:00
Last Minute Defensive - 0:00
Total
Forward - 60:00
Defense - 60:00
|
Play-by-Play
1st period
0:01 of 1st period - Ryan Johansen wins face-off versus Ryan O'Reilly in neutral zone.
1:06 of 1st period - Jamie Arniel is hit by Adam Larsson and loses puck.
1:25 of 1st period - Snap shot by Jamie Arniel.
1:25 of 1st period - Deflect By Sergei Kostitsyn.
1:25 of 1st period - Stopped by Jacob Markstrom with a rebound.
1:37 of 1st period - Snap shot by Ryan Johansen.
1:37 of 1st period - Stopped by Petr Mrazek with a rebound.
1:39 of 1st period - Wrist shot by Ryan Johansen.
1:39 of 1st period - Shot Blocked by Erik Gudbranson.
1:41 of 1st period - Wrist shot by Ryan Johansen.
1:41 of 1st period - Shot Misses the Net.
1:43 of 1st period - Slapshot by Brent Burns.
1:43 of 1st period - Stopped by Petr Mrazek with a rebound.
2:02 of 1st period - Minor Penalty to Tyler Seguin for Hooking.
2:03 of 1st period - Ryan Johansen wins face-off versus Henrik Zetterberg in Jets zone.
2:17 of 1st period - Snap shot by Nino Niederreiter.
2:17 of 1st period - Goal by Nino Niederreiter - Red Wings : 1 - Jets : 0.
2:18 of 1st period - Henrik Zetterberg wins face-off versus Tyler Seguin in neutral zone.
2:29 of 1st period - Wrist shot by Marko Dano.
2:29 of 1st period - Stopped by Jacob Markstrom with a rebound.
2:31 of 1st period - Slapshot by Ryan O'Byrne.
2:31 of 1st period - Stopped by Jacob Markstrom without a rebound.
2:32 of 1st period - Ryan O'Reilly wins face-off versus Ryan Johansen in Jets zone.
2:37 of 1st period - Snap shot by Dougie Hamilton.
2:37 of 1st period - Shot Misses the Net.
2:39 of 1st period - Slapshot by Ryan Murray.
2:39 of 1st period - Shot Blocked by Ryan O'Byrne.
2:41 of 1st period - Snap shot by Ryan Murray.
2:41 of 1st period - Stopped by Petr Mrazek with a rebound.
2:43 of 1st period - Wrist shot by Ryan Johansen.
2:43 of 1st period - Goal by Ryan Johansen - Red Wings : 1 - Jets : 1.
2:44 of 1st period - Henrik Zetterberg wins face-off versus Tyler Seguin in neutral zone.
3:11 of 1st period - Cody Franson is hit by Jussi Jokinen and loses puck.
3:18 of 1st period - Backhand shot by Anthony Mantha.
3:18 of 1st period - Deflect By Alexander Wennberg.
3:18 of 1st period - Shot Misses the Net.
3:18 of 1st period - Puck is out of play.
3:19 of 1st period - Ryan Johansen wins face-off versus T.J. Hensick in Red Wings zone.
4:27 of 1st period - Carson Mcmillan is hit by Frank Vatrano and loses puck.
5:15 of 1st period - Slapshot by Dylan Larkin.
5:15 of 1st period - Shot Blocked by Marco Scandella.
5:17 of 1st period - Snap shot by Henrik Zetterberg.
5:17 of 1st period - Shot Blocked by Adam Larsson.
5:19 of 1st period - Slapshot by Drew Fata.
5:19 of 1st period - Deflect By Marko Dano.
5:19 of 1st period - Shot Misses the Net.
5:19 of 1st period - Puck is out of play.
5:20 of 1st period - Ryan O'Reilly wins face-off versus Ryan Johansen in Jets zone.
5:23 of 1st period - Snap shot by Nino Niederreiter.
5:23 of 1st period - Shot Misses the Net.
5:25 of 1st period - Slapshot by Nino Niederreiter.
5:25 of 1st period - Shot Misses the Net.
5:27 of 1st period - Slapshot by David Rundblad.
5:27 of 1st period - Shot Misses the Net.
5:29 of 1st period - Slapshot by David Rundblad.
5:29 of 1st period - Deflect By Connor Brown.
5:29 of 1st period - Stopped by Jacob Markstrom with a rebound.
5:31 of 1st period - Wrist shot by Nino Niederreiter.
5:31 of 1st period - Stopped by Jacob Markstrom with a rebound.
5:43 of 1st period - Minor Penalty to Adam Larsson for Interference.
5:44 of 1st period - Ryan Johansen wins face-off versus Henrik Zetterberg in Jets zone.
7:43 of 1st period - Penalty to Adam Larsson is over, Adam Larsson is back on ice.
8:13 of 1st period - Slapshot by David Rundblad.
8:13 of 1st period - Shot Misses the Net.
9:16 of 1st period - Beau Bennett is hit by Alex Galchenyuk and loses puck.
9:34 of 1st period - Marko Dano is hit by Anthony Mantha and loses puck.
10:17 of 1st period - Ryan Murray is hit by Michael Haley.
10:54 of 1st period - Connor Brown is hit by Marco Scandella and loses puck.
11:09 of 1st period - Slapshot by Carson Mcmillan.
11:09 of 1st period - Stopped by Jacob Markstrom without a rebound.
11:10 of 1st period - Jamie Arniel wins face-off versus Ryan Johansen in Jets zone.
11:59 of 1st period - Icing by Jamie Arniel.
12:00 of 1st period - Tyler Seguin wins face-off versus Jamie Arniel in Red Wings zone.
12:07 of 1st period - Snap shot by Max Domi.
12:07 of 1st period - Stopped by Petr Mrazek without a rebound.
12:08 of 1st period - Tyler Seguin wins face-off versus Henrik Zetterberg in Red Wings zone.
12:31 of 1st period - Slapshot by Tyler Toffoli.
12:31 of 1st period - Shot Misses the Net.
12:33 of 1st period - Minor Penalty to Henrik Zetterberg for Hooking.
12:34 of 1st period - Ryan Johansen wins face-off versus T.J. Hensick in Red Wings zone.
12:35 of 1st period - Snap shot by Alex Galchenyuk.
12:35 of 1st period - Stopped by Petr Mrazek without a rebound.
12:36 of 1st period - Ryan Johansen wins face-off versus T.J. Hensick in Red Wings zone.
12:37 of 1st period - Wrist shot by Tyler Toffoli.
12:37 of 1st period - Stopped by Petr Mrazek with a rebound.
12:39 of 1st period - Slapshot by Dougie Hamilton.
12:39 of 1st period - Deflect By Tyler Toffoli.
12:39 of 1st period - Stopped by Petr Mrazek with a rebound.
12:41 of 1st period - Snap shot by Tyler Toffoli.
12:41 of 1st period - Shot Misses the Net.
12:43 of 1st period - Slapshot by Troy Stetcher.
12:43 of 1st period - Shot Misses the Net.
13:54 of 1st period - Backhand shot by Jamie Arniel.
13:54 of 1st period - Stopped by Jacob Markstrom with a rebound.
14:29 of 1st period - Dougie Hamilton is hit by Philip Samuelsson and loses puck.
14:33 of 1st period - Penalty to Henrik Zetterberg is over, Henrik Zetterberg is back on ice.
14:44 of 1st period - Snap shot by Ryan O'Reilly.
14:44 of 1st period - Stopped by Jacob Markstrom with a rebound.
14:46 of 1st period - Wrist shot by Ryan O'Reilly.
14:46 of 1st period - Deflect By Nino Niederreiter.
14:46 of 1st period - Shot Blocked by Dougie Hamilton.
14:46 of 1st period - Puck is out of play.
14:47 of 1st period - Ryan O'Reilly wins face-off versus Alexander Wennberg in Jets zone.
15:15 of 1st period - Minor Penalty to Anthony Mantha for Tripping.
15:16 of 1st period - Henrik Zetterberg wins face-off versus Ryan Johansen in Jets zone.
15:59 of 1st period - David Rundblad is hit by Ryan Murray and loses puck.
17:01 of 1st period - Icing by Jamie Arniel.
17:02 of 1st period - Ryan Johansen wins face-off versus Ryan O'Reilly in Red Wings zone.
17:15 of 1st period - Penalty to Anthony Mantha is over, Anthony Mantha is back on ice.
17:25 of 1st period - Wrist shot by Tyler Toffoli.
17:25 of 1st period - Shot Blocked by David Rundblad.
17:27 of 1st period - Slapshot by Adam Larsson.
17:27 of 1st period - Deflect By Max Domi.
17:27 of 1st period - Stopped by Petr Mrazek without a rebound.
17:28 of 1st period - T.J. Hensick wins face-off versus Tyler Seguin in Red Wings zone.
17:49 of 1st period - Minor Penalty to Troy Stetcher for Diving.
17:50 of 1st period - Ryan Johansen wins face-off versus Henrik Zetterberg in Jets zone.
17:58 of 1st period - Icing by Erik Gudbranson.
17:59 of 1st period - Henrik Zetterberg wins face-off versus Ryan Johansen in Red Wings zone.
18:24 of 1st period - Snap shot by Nino Niederreiter.
18:24 of 1st period - Deflect By Marco Scandella.
18:24 of 1st period - Stopped by Jacob Markstrom without a rebound.
18:25 of 1st period - Ryan Johansen wins face-off versus Ryan O'Reilly in Jets zone.
19:49 of 1st period - Penalty to Troy Stetcher is over, Troy Stetcher is back on ice.
Goals for this period are 1 for Red Wings vs 1 for Jets.
Shots for this period are 10 for Red Wings vs 9 for Jets.
2nd period
0:01 of 2nd period - Henrik Zetterberg wins face-off versus Ryan Johansen in neutral zone.
0:10 of 2nd period - Slapshot by Nick Bjugstad.
0:10 of 2nd period - Stopped by Petr Mrazek without a rebound.
0:11 of 2nd period - Henrik Zetterberg wins face-off versus Ryan Johansen in Red Wings zone.
0:11 of 2nd period - Henrik Zetterberg is hit by Nick Bjugstad.
0:22 of 2nd period - Minor Penalty to Nick Bjugstad for Interference.
0:23 of 2nd period - Ryan Johansen wins face-off versus Nino Niederreiter in Jets zone.
0:23 of 2nd period - Ryan Johansen is hit by Henrik Zetterberg.
1:04 of 2nd period - Dougie Hamilton is hit by Marko Dano and loses puck.
2:22 of 2nd period - Penalty to Nick Bjugstad is over, Nick Bjugstad is back on ice.
2:32 of 2nd period - Wrist shot by Tyler Seguin.
2:32 of 2nd period - Shot Misses the Net.
2:34 of 2nd period - Slapshot by Dougie Hamilton.
2:34 of 2nd period - Deflect By Beau Bennett.
2:34 of 2nd period - Stopped by Petr Mrazek without a rebound.
2:35 of 2nd period - Tyler Seguin wins face-off versus T.J. Hensick in Red Wings zone.
3:17 of 2nd period - Ryan O'Byrne is hit by Dougie Hamilton.
3:44 of 2nd period - Tyler Toffoli is hit by Michael Haley and loses puck.
4:07 of 2nd period - Max Domi is hit by T.J. Hensick and loses puck.
4:18 of 2nd period - Snap shot by T.J. Hensick.
4:18 of 2nd period - Stopped by Jacob Markstrom with a rebound.
4:20 of 2nd period - Slapshot by T.J. Hensick.
4:20 of 2nd period - Stopped by Jacob Markstrom without a rebound.
4:21 of 2nd period - Henrik Zetterberg wins face-off versus Ryan Johansen in Jets zone.
4:30 of 2nd period - Snap shot by Marko Dano.
4:30 of 2nd period - Stopped by Jacob Markstrom without a rebound.
4:31 of 2nd period - Henrik Zetterberg wins face-off versus Ryan Johansen in Jets zone.
5:15 of 2nd period - Snap shot by Alex Galchenyuk.
5:15 of 2nd period - Shot Misses the Net.
5:17 of 2nd period - Slapshot by Marco Scandella.
5:17 of 2nd period - Stopped by Petr Mrazek with a rebound.
5:21 of 2nd period - Snap shot by Nick Bjugstad.
5:21 of 2nd period - Stopped by Petr Mrazek with a rebound.
5:23 of 2nd period - Snap shot by Nick Bjugstad.
5:23 of 2nd period - Shot Misses the Net.
5:25 of 2nd period - Slapshot by Nick Bjugstad.
5:25 of 2nd period - Stopped by Petr Mrazek with a rebound.
5:27 of 2nd period - Snap shot by Adam Larsson.
5:27 of 2nd period - Shot Misses the Net.
5:32 of 2nd period - Minor Penalty to Marko Dano for Holding.
5:33 of 2nd period - T.J. Hensick wins face-off versus Tyler Seguin in Red Wings zone.
5:48 of 2nd period - Troy Stetcher is hit by Philip Samuelsson and loses puck.
7:25 of 2nd period - Max Domi is hit by Erik Gudbranson and loses puck.
7:32 of 2nd period - Penalty to Marko Dano is over, Marko Dano is back on ice.
9:08 of 2nd period - Nick Bjugstad is hit by Dylan Larkin and loses puck.
9:23 of 2nd period - Icing by Connor Brown.
9:24 of 2nd period - Ryan O'Reilly wins face-off versus Alexander Wennberg in Red Wings zone.
9:53 of 2nd period - Max Domi is hit by Carson Mcmillan and loses puck.
10:26 of 2nd period - T.J. Hensick is hit by Frank Vatrano and loses puck.
11:28 of 2nd period - Marko Dano is hit by Ryan Murray and loses puck.
11:35 of 2nd period - Backhand shot by Ryan Johansen.
11:35 of 2nd period - Shot Blocked by Henrik Zetterberg.
11:37 of 2nd period - Snap shot by Alex Galchenyuk.
11:37 of 2nd period - Stopped by Petr Mrazek without a rebound.
11:38 of 2nd period - Ryan Johansen wins face-off versus Ryan O'Reilly in Red Wings zone.
11:42 of 2nd period - Minor Penalty to Nino Niederreiter for Interference.
11:43 of 2nd period - T.J. Hensick wins face-off versus Ryan Johansen in Red Wings zone.
11:51 of 2nd period - Slapshot by Dougie Hamilton.
11:51 of 2nd period - Stopped by Petr Mrazek without a rebound.
11:52 of 2nd period - Ryan Johansen wins face-off versus T.J. Hensick in Red Wings zone.
11:57 of 2nd period - Snap shot by Alex Galchenyuk.
11:57 of 2nd period - Deflect By Ryan Johansen.
11:57 of 2nd period - Shot Misses the Net.
11:57 of 2nd period - Puck is out of play.
11:58 of 2nd period - T.J. Hensick wins face-off versus Ryan Johansen in Red Wings zone.
13:05 of 2nd period - Snap shot by Tyler Seguin.
13:05 of 2nd period - Shot Hit the Post.
13:21 of 2nd period - Slapshot by Dougie Hamilton.
13:21 of 2nd period - Stopped by Petr Mrazek with a rebound.
13:42 of 2nd period - Penalty to Nino Niederreiter is over, Nino Niederreiter is back on ice.
13:58 of 2nd period - Slapshot by Sam Reinhart.
13:58 of 2nd period - Deflect By Noel Acciari.
13:58 of 2nd period - Shot Blocked by Drew Fata.
13:58 of 2nd period - Puck is out of play.
13:59 of 2nd period - Ryan O'Reilly wins face-off versus Noel Acciari in Red Wings zone.
13:59 of 2nd period - Ryan O'Reilly is hit by Noel Acciari.
15:18 of 2nd period - Snap shot by Connor Brown.
15:18 of 2nd period - Shot Blocked by Brent Burns.
15:20 of 2nd period - Slapshot by Erik Gudbranson.
15:20 of 2nd period - Shot Misses the Net.
15:35 of 2nd period - Erik Gudbranson is hit by Ryan Murray.
15:39 of 2nd period - Slapshot by Drew Fata.
15:39 of 2nd period - Stopped by Jacob Markstrom without a rebound.
15:40 of 2nd period - Henrik Zetterberg wins face-off versus Tyler Seguin in Jets zone.
15:41 of 2nd period - Wrist shot by Dylan Larkin.
15:41 of 2nd period - Stopped by Jacob Markstrom with a rebound.
15:43 of 2nd period - Snap shot by Philip Samuelsson.
15:43 of 2nd period - Stopped by Jacob Markstrom without a rebound.
15:44 of 2nd period - Tyler Seguin wins face-off versus Henrik Zetterberg in Jets zone.
15:44 of 2nd period - Tyler Seguin is hit by Ryan O'Byrne.
15:54 of 2nd period - Wrist shot by Marko Dano.
15:54 of 2nd period - Stopped by Jacob Markstrom without a rebound.
15:55 of 2nd period - Connor Brown wins face-off versus Ryan Johansen in Jets zone.
16:28 of 2nd period - Wrist shot by Jamie Arniel.
16:28 of 2nd period - Shot Blocked by Ryan Murray.
16:39 of 2nd period - Icing by Dougie Hamilton.
16:40 of 2nd period - Ryan Johansen wins face-off versus Henrik Zetterberg in Jets zone.
17:10 of 2nd period - Icing by Erik Gudbranson.
17:11 of 2nd period - Tyler Seguin wins face-off versus Ryan O'Reilly in Red Wings zone.
17:14 of 2nd period - Slapshot by Max Domi.
17:14 of 2nd period - Shot Blocked by Connor Brown.
17:26 of 2nd period - Wrist shot by Tyler Seguin.
17:26 of 2nd period - Deflect By Max Domi.
17:26 of 2nd period - Shot Blocked by Nino Niederreiter.
17:26 of 2nd period - Puck is out of play.
17:27 of 2nd period - Henrik Zetterberg wins face-off versus Alexander Wennberg in Red Wings zone.
17:27 of 2nd period - Henrik Zetterberg is hit by Alexander Wennberg.
17:41 of 2nd period - Slapshot by Jussi Jokinen.
17:41 of 2nd period - Stopped by Petr Mrazek without a rebound.
17:42 of 2nd period - Tyler Seguin wins face-off versus Ryan O'Reilly in Red Wings zone.
17:47 of 2nd period - Snap shot by Tyler Seguin.
17:47 of 2nd period - Stopped by Petr Mrazek with a rebound.
17:49 of 2nd period - Wrist shot by Tyler Seguin.
17:49 of 2nd period - Stopped by Petr Mrazek with a rebound.
17:51 of 2nd period - Wrist shot by Tyler Toffoli.
17:51 of 2nd period - Goal by Tyler Toffoli - Red Wings : 1 - Jets : 2.
17:52 of 2nd period - Ryan O'Reilly wins face-off versus Tyler Seguin in neutral zone.
18:09 of 2nd period - Slapshot by Dougie Hamilton.
18:09 of 2nd period - Shot Blocked by Nino Niederreiter.
18:41 of 2nd period - Off-side.
18:42 of 2nd period - Alexander Wennberg wins face-off versus Jamie Arniel in neutral zone.
19:09 of 2nd period - Sergei Kostitsyn is hit by Alexander Wennberg and loses puck.
19:19 of 2nd period - Icing by Jamie Arniel.
19:20 of 2nd period - Jamie Arniel wins face-off versus Tyler Seguin in Red Wings zone.
19:25 of 2nd period - Wrist shot by Jamie Arniel.
19:25 of 2nd period - Stopped by Jacob Markstrom without a rebound.
19:26 of 2nd period - Henrik Zetterberg wins face-off versus Tyler Seguin in Jets zone.
19:41 of 2nd period - Snap shot by Dylan Larkin.
19:41 of 2nd period - Shot Blocked by Tyler Seguin.
19:43 of 2nd period - Snap shot by Dylan Larkin.
19:43 of 2nd period - Shot Misses the Net.
19:53 of 2nd period - Brent Burns is hit by Connor Brown and loses puck.
Goals for this period are 0 for Red Wings vs 1 for Jets.
Shots for this period are 8 for Red Wings vs 12 for Jets.
3rd period
0:01 of 3rd period - Ryan Johansen wins face-off versus Ryan O'Reilly in neutral zone.
0:10 of 3rd period - Wrist shot by Ryan Johansen.
0:10 of 3rd period - Shot Misses the Net.
0:34 of 3rd period - Minor Penalty to Nick Bjugstad for Tripping.
0:35 of 3rd period - Henrik Zetterberg wins face-off versus Ryan Johansen in Jets zone.
0:54 of 3rd period - Marco Scandella is hit by Erik Gudbranson and loses puck.
1:13 of 3rd period - Wrist shot by Marko Dano.
1:13 of 3rd period - Deflect By Dylan Larkin.
1:13 of 3rd period - Stopped by Jacob Markstrom with a rebound.
2:07 of 3rd period - Minor Penalty to Dylan Larkin for High sticking.
2:08 of 3rd period - Ryan Johansen wins face-off versus Connor Brown in Red Wings zone.
2:34 of 3rd period - Penalty to Nick Bjugstad is over, Nick Bjugstad is back on ice.
3:06 of 3rd period - Wrist shot by Nick Bjugstad.
3:06 of 3rd period - Shot Misses the Net.
3:46 of 3rd period - Slapshot by Tyler Seguin.
3:46 of 3rd period - Stopped by Petr Mrazek without a rebound.
3:47 of 3rd period - Ryan Johansen wins face-off versus T.J. Hensick in Red Wings zone.
3:52 of 3rd period - Snap shot by Ryan Johansen.
3:52 of 3rd period - Shot Misses the Net.
4:07 of 3rd period - Penalty to Dylan Larkin is over, Dylan Larkin is back on ice.
5:27 of 3rd period - Off-side.
5:28 of 3rd period - Tyler Seguin wins face-off versus Henrik Zetterberg in neutral zone.
5:35 of 3rd period - Snap shot by Tyler Toffoli.
5:35 of 3rd period - Stopped by Petr Mrazek without a rebound.
5:36 of 3rd period - Tyler Seguin wins face-off versus Henrik Zetterberg in Red Wings zone.
5:39 of 3rd period - Slapshot by Tyler Toffoli.
5:39 of 3rd period - Shot Misses the Net.
5:41 of 3rd period - Slapshot by Brent Burns.
5:41 of 3rd period - Deflect By Drew Fata.
5:41 of 3rd period - Stopped by Petr Mrazek without a rebound.
5:42 of 3rd period - Henrik Zetterberg wins face-off versus Tyler Seguin in Red Wings zone.
5:50 of 3rd period - Icing by Adam Larsson.
5:51 of 3rd period - Tyler Seguin wins face-off versus Henrik Zetterberg in Jets zone.
6:00 of 3rd period - Snap shot by Tyler Toffoli.
6:00 of 3rd period - Deflect By Erik Gudbranson.
6:00 of 3rd period - Stopped by Petr Mrazek with a rebound.
6:02 of 3rd period - Slapshot by Adam Larsson.
6:02 of 3rd period - Stopped by Petr Mrazek with a rebound.
6:04 of 3rd period - Wrist shot by Tyler Seguin.
6:04 of 3rd period - Stopped by Petr Mrazek without a rebound.
6:05 of 3rd period - Ryan Johansen wins face-off versus Ryan O'Reilly in Red Wings zone.
6:12 of 3rd period - Snap shot by Ryan Johansen.
6:12 of 3rd period - Shot Misses the Net.
6:14 of 3rd period - Slapshot by Marco Scandella.
6:14 of 3rd period - Stopped by Petr Mrazek without a rebound.
6:15 of 3rd period - Ryan Johansen wins face-off versus Ryan O'Reilly in Red Wings zone.
6:18 of 3rd period - Slapshot by Alex Galchenyuk.
6:18 of 3rd period - Shot Blocked by Connor Brown.
6:20 of 3rd period - Wrist shot by Adam Larsson.
6:20 of 3rd period - Shot Blocked by Ryan O'Reilly.
6:22 of 3rd period - Snap shot by Alex Galchenyuk.
6:22 of 3rd period - Shot Misses the Net.
6:26 of 3rd period - Wrist shot by Alex Galchenyuk.
6:26 of 3rd period - Stopped by Petr Mrazek without a rebound.
6:27 of 3rd period - Max Domi wins face-off versus Henrik Zetterberg in Red Wings zone.
6:46 of 3rd period - Max Domi is hit by Philip Samuelsson and loses puck.
7:17 of 3rd period - Snap shot by Jamie Arniel.
7:17 of 3rd period - Shot Misses the Net.
7:23 of 3rd period - Snap shot by Jamie Arniel.
7:23 of 3rd period - Deflect By Ryan Murray.
7:23 of 3rd period - Stopped by Jacob Markstrom with a rebound.
7:33 of 3rd period - Slapshot by Beau Bennett.
7:33 of 3rd period - Stopped by Jacob Markstrom without a rebound.
7:34 of 3rd period - Noel Acciari wins face-off versus T.J. Hensick in Jets zone.
7:39 of 3rd period - Snap shot by Beau Bennett.
7:39 of 3rd period - Stopped by Jacob Markstrom without a rebound.
7:40 of 3rd period - Henrik Zetterberg wins face-off versus Frank Vatrano in Jets zone.
7:43 of 3rd period - Wrist shot by Dylan Larkin.
7:43 of 3rd period - Shot Blocked by Adam Larsson.
7:45 of 3rd period - Slapshot by Cody Franson.
7:45 of 3rd period - Stopped by Jacob Markstrom with a rebound.
7:47 of 3rd period - Slapshot by Cody Franson.
7:47 of 3rd period - Deflect By Henrik Zetterberg.
7:47 of 3rd period - Stopped by Jacob Markstrom without a rebound.
7:48 of 3rd period - Henrik Zetterberg wins face-off versus Tyler Seguin in Jets zone.
7:59 of 3rd period - Snap shot by Henrik Zetterberg.
7:59 of 3rd period - Shot Blocked by Tyler Seguin.
8:01 of 3rd period - Slapshot by Drew Fata.
8:01 of 3rd period - Stopped by Jacob Markstrom without a rebound.
8:02 of 3rd period - Ryan Johansen wins face-off versus Ryan O'Reilly in Jets zone.
8:04 of 3rd period - Minor Penalty to Marco Scandella for Hooking.
8:05 of 3rd period - Henrik Zetterberg wins face-off versus Ryan Johansen in Jets zone.
8:09 of 3rd period - Snap shot by Nino Niederreiter.
8:09 of 3rd period - Shot Misses the Net.
8:11 of 3rd period - Slapshot by Henrik Zetterberg.
8:11 of 3rd period - Stopped by Jacob Markstrom without a rebound.
8:12 of 3rd period - Henrik Zetterberg wins face-off versus Ryan Johansen in Jets zone.
8:37 of 3rd period - Wrist shot by Connor Brown.
8:37 of 3rd period - Shot Misses the Net.
8:43 of 3rd period - Snap shot by Connor Brown.
8:43 of 3rd period - Stopped by Jacob Markstrom with a rebound.
8:45 of 3rd period - Slapshot by Erik Gudbranson.
8:45 of 3rd period - Goal by Erik Gudbranson - Red Wings : 2 - Jets : 2.
8:46 of 3rd period - Henrik Zetterberg wins face-off versus Tyler Seguin in neutral zone.
9:01 of 3rd period - Henrik Zetterberg is hit by Tyler Toffoli and loses puck.
9:10 of 3rd period - Tyler Toffoli is hit by Henrik Zetterberg and loses puck.
9:17 of 3rd period - Wrist shot by Henrik Zetterberg.
9:17 of 3rd period - Deflect By Tyler Seguin.
9:17 of 3rd period - Shot Misses the Net.
9:17 of 3rd period - Puck is out of play.
9:18 of 3rd period - Ryan O'Reilly wins face-off versus Ryan Johansen in Jets zone.
9:32 of 3rd period - Off-side.
9:33 of 3rd period - Tyler Seguin wins face-off versus Henrik Zetterberg in neutral zone.
9:38 of 3rd period - Slapshot by Dougie Hamilton.
9:38 of 3rd period - Shot Misses the Net.
10:00 of 3rd period - Tyler Toffoli is hit by Jamie Arniel and loses puck.
10:09 of 3rd period - Slapshot by Jamie Arniel.
10:09 of 3rd period - Deflect By Sergei Kostitsyn.
10:09 of 3rd period - Goal by Sergei Kostitsyn - Red Wings : 3 - Jets : 2.
10:10 of 3rd period - Ryan Johansen wins face-off versus Ryan O'Reilly in neutral zone.
10:13 of 3rd period - Slapshot by Marco Scandella.
10:13 of 3rd period - Stopped by Petr Mrazek with a rebound.
10:15 of 3rd period - Slapshot by Alex Galchenyuk.
10:15 of 3rd period - Shot Misses the Net.
10:17 of 3rd period - Slapshot by Adam Larsson.
10:17 of 3rd period - Deflect By Drew Fata.
10:17 of 3rd period - Stopped by Petr Mrazek without a rebound.
10:18 of 3rd period - Ryan Johansen wins face-off versus Ryan O'Reilly in Red Wings zone.
10:19 of 3rd period - Snap shot by Nick Bjugstad.
10:19 of 3rd period - Deflect By Alex Galchenyuk.
10:19 of 3rd period - Shot Blocked by Nino Niederreiter.
10:19 of 3rd period - Puck is out of play.
10:20 of 3rd period - Ryan O'Reilly wins face-off versus Ryan Johansen in Red Wings zone.
10:22 of 3rd period - Minor Penalty to Erik Gudbranson for Tripping.
10:23 of 3rd period - Ryan Johansen wins face-off versus T.J. Hensick in Red Wings zone.
11:17 of 3rd period - Philip Samuelsson is hit by Max Domi.
11:33 of 3rd period - Wrist shot by Max Domi.
11:33 of 3rd period - Stopped by Petr Mrazek without a rebound.
11:34 of 3rd period - Ryan Johansen wins face-off versus Jamie Arniel in Red Wings zone.
11:35 of 3rd period - Snap shot by Alex Galchenyuk.
11:35 of 3rd period - Stopped by Petr Mrazek without a rebound.
11:36 of 3rd period - Ryan Johansen wins face-off versus Jamie Arniel in Red Wings zone.
12:17 of 3rd period - T.J. Hensick is hit by Max Domi and loses puck.
12:22 of 3rd period - Penalty to Erik Gudbranson is over, Erik Gudbranson is back on ice.
12:36 of 3rd period - Wrist shot by Alexander Wennberg.
12:36 of 3rd period - Shot Misses the Net.
12:38 of 3rd period - Slapshot by Adam Larsson.
12:38 of 3rd period - Stopped by Petr Mrazek without a rebound.
12:39 of 3rd period - Henrik Zetterberg wins face-off versus Noel Acciari in Red Wings zone.
12:53 of 3rd period - Erik Gudbranson is hit by Marco Scandella and loses puck.
13:08 of 3rd period - Snap shot by Nino Niederreiter.
13:08 of 3rd period - Shot Misses the Net.
13:12 of 3rd period - Wrist shot by Ryan O'Reilly.
13:12 of 3rd period - Deflect By Connor Brown.
13:12 of 3rd period - Shot Misses the Net.
13:12 of 3rd period - Puck is out of play.
13:13 of 3rd period - Nino Niederreiter wins face-off versus Ryan Johansen in Jets zone.
13:45 of 3rd period - Brent Burns is hit by Ryan O'Byrne and loses puck.
14:02 of 3rd period - Backhand shot by Jamie Arniel.
14:02 of 3rd period - Shot Misses the Net.
14:22 of 3rd period - Wrist shot by Beau Bennett.
14:22 of 3rd period - Shot Misses the Net.
14:24 of 3rd period - Wrist shot by Philip Samuelsson.
14:24 of 3rd period - Deflect By Michael Haley.
14:24 of 3rd period - Goal by Michael Haley - Red Wings : 4 - Jets : 2.
14:25 of 3rd period - Ryan Johansen wins face-off versus Ryan O'Reilly in neutral zone.
14:28 of 3rd period - Connor Brown is hit by Ryan Johansen and loses puck.
14:41 of 3rd period - Slapshot by Erik Gudbranson.
14:41 of 3rd period - Shot Blocked by Ryan Murray.
14:47 of 3rd period - Minor Penalty to Ryan Murray for Interference.
14:48 of 3rd period - Henrik Zetterberg wins face-off versus Ryan Johansen in Jets zone.
15:15 of 3rd period - Erik Gudbranson is hit by Tyler Toffoli and loses puck.
16:22 of 3rd period - Marco Scandella is hit by Erik Gudbranson and loses puck.
16:47 of 3rd period - Penalty to Ryan Murray is over, Ryan Murray is back on ice.
16:49 of 3rd period - David Rundblad is hit by Frank Vatrano and loses puck.
17:06 of 3rd period - Wrist shot by Anthony Mantha.
17:06 of 3rd period - Shot Misses the Net.
17:11 of 3rd period - Off-side.
17:12 of 3rd period - Jamie Arniel wins face-off versus Jussi Jokinen in neutral zone.
17:27 of 3rd period - Wrist shot by Sergei Kostitsyn.
17:27 of 3rd period - Stopped by Jacob Markstrom without a rebound.
17:28 of 3rd period - Noel Acciari wins face-off versus Henrik Zetterberg in Jets zone.
17:28 of 3rd period - Noel Acciari is hit by Drew Fata.
17:33 of 3rd period - Minor Penalty to Henrik Zetterberg for Hooking.
17:34 of 3rd period - T.J. Hensick wins face-off versus Ryan Johansen in Red Wings zone.
19:16 of 3rd period - Tyler Toffoli is hit by Erik Gudbranson and loses puck.
19:33 of 3rd period - Penalty to Henrik Zetterberg is over, Henrik Zetterberg is back on ice.
19:47 of 3rd period - Snap shot by Ryan Johansen.
19:47 of 3rd period - Shot Blocked by Philip Samuelsson.
19:49 of 3rd period - Snap shot by Ryan Johansen.
19:49 of 3rd period - Stopped by Petr Mrazek with a rebound.
19:51 of 3rd period - Wrist shot by Ryan Johansen.
19:51 of 3rd period - Shot Blocked by Ryan O'Byrne.
19:53 of 3rd period - Snap shot by Tyler Toffoli.
19:53 of 3rd period - Stopped by Petr Mrazek with a rebound.
Goals for this period are 3 for Red Wings vs 0 for Jets.
Shots for this period are 13 for Red Wings vs 15 for Jets.